 Dungeon Crawl Stone Soup version 0.25-a0-804-g50c693f418 (webtiles) character file.

Game seed: 15620934153009984085, levelgen mode: deterministic

207 Error4North the Skirmisher (level 5, -2/47 HPs)
             Began as a Hill Orc Fighter on Apr 20, 2020.
             Slain by an ogre
             ... wielding a +0 giant club
              (12 damage)
             ... on level 3 of the Dungeon.
             The game lasted 00:07:29 (2403 turns).

Error4North the Skirmisher (Hill Orc Fighter)       Turns: 2403, Time: 00:07:29

Health: -2/47      AC:  8    Str: 20    XL:     5   Next: 85%
Magic:  5/5        EV:  7    Int:  8    God:
Gold:   105        SH:  9    Dex: 10    Spells: 4/4 levels left

rFire    . . .     SeeInvis .   a - +0 war axe
rCold    . . .     Gourm    .   c - +0 kite shield
rNeg     . . .     Faith    .   b - +0 scale mail
rPois    .         Spirit   .   h - +0 helmet
rElec    .         Reflect  .   n - scarf {repulsion}
rCorr    .         Harm     .   (no gloves)
MR       .....                  (no boots)
Stlth    ..........             (no amulet)
HPRegen  0.15/turn              e - ring of flight
MPRegen  0.09/turn              (no ring)

@: lethally poisoned (-2 -> -3), repel missiles
A: no striking features
a: Evoke Flight


You were on level 3 of the Dungeon.
You were not hungry.

You visited 1 branch of the dungeon, and saw 4 of its levels.

You collected 105 gold pieces.

Inventory:

Hand Weapons
 a - a +0 war axe (weapon)
Armour
 b - a +0 scale mail (worn)
 c - a +0 kite shield (worn)
 h - a +0 helmet (worn)
 n - a scarf of repulsion (worn)
Jewellery
 e - a ring of flight (left hand)
 l - an uncursed ring of resist corrosion {unknown}
 v - an uncursed amulet of guardian spirit
Wands
 o - a wand of disintegration (18)
 w - a wand of enslavement (9)
 y - a wand of polymorph (9)
 z - a wand of random effects (8)
Scrolls
 g - a scroll of identify {unknown}
 k - 2 scrolls of amnesia {unknown}
 p - a scroll of noise {unknown}
 u - a scroll of fog {unknown}
 x - a scroll of enchant weapon {unknown}
Potions
 d - a potion of might
 i - a potion of cancellation {unknown}
 j - a potion of flight {unknown}
 m - a potion of brilliance {unknown}
 q - a potion of heal wounds {unknown}
 r - a potion of stabbing {unknown}
 s - 2 potions of curing {unknown}
Comestibles
 f - 10 rations
 t - a chunk of flesh


   Skills:
 * Level 4.8 Fighting
 + Level 4.4 Axes
 * Level 4.3 Armour
 + Level 0.5 Dodging
 * Level 4.5 Shields
 * Level 0.1 Evocations


You had 4 spell levels left.
You didn't know any spells.
Your spell library was empty.

Dungeon Overview and Level Annotations

Branches:
Dungeon (4/15)
 Temple: D:4-7

Altars:


Message History

Aim: an ogre, wielding a +0 giant club (chance to defeat MR: 65%)
The ogre is blasted!!
You feel sick. You block the ogre's attack.
Evoke which item? (* to show all) (? for menu, Esc to quit)
Aiming: Random Effects
Press: ? - help, Shift-Dir - straight line, f/p - ogre
Aim: an ogre, wielding a +0 giant club (severely wounded)
The ogre resists with significant effort.
The ogre hits you with a +0 giant club!
Evoke which item? (* to show all) (? for menu, Esc to quit)
Aiming: Random Effects
Press: ? - help, Shift-Dir - straight line, f/p - ogre
Aim: an ogre, wielding a +0 giant club (severely wounded)
The ogre flickers and vanishes!
Deactivating autopickup; reactivate with Ctrl-A.
Something hits you!
You closely miss something.
You feel sick. Something hits you!
* * * LOW HITPOINT WARNING * * *
You hit something. You block something's attack.
You closely miss something.
You feel sick. Something hits you!
You die...

.....#####.............##
....)<..####.......#####
.....##.####.....###
.....##.....##...(.#
##.#######..###..#.# #.#
#..###..#.# #.#
#.#...#.#.# #.#
#.###.#{#.### #.# #####.#
#.#@#...# #.###.....#
#.#.###.# #.##...####
#.#.# #.# ##.#..>..##
#.#.# #(# #.........##
#.#.# #.# ......รท....#
#.#.# #.#
..#.......####.#.# #.#
..##...........#.# #.#
........########.# #.#


There were no monsters in sight!

Vanquished Creatures
  An orc priest (D:3)
  A worker ant (D:3)
  5 adders
  An ooze (D:1)
  5 worms
  2 dart slugs
  2 leopard geckos
  7 orcs
  2 ball pythons
  6 bats
  A giant cockroach (D:1)
  7 goblins
  7 hobgoblins
  6 jackals
  A quokka (D:3)
  7 frilled lizards
  12 kobolds
  6 rats
79 creatures vanquished.

Notes
Turn   | Place    | Note
-------+----------+-------------------------------------------
     0 | D:1      | Error4North the Hill Orc Fighter began the quest for the
                  | Orb.
     0 | D:1      | Reached XP level 1. HP: 19/19 MP: 1/1
    43 | D:1      | Reached XP level 2. HP: 27/27 MP: 2/2
   731 | D:1      | Reached XP level 3. HP: 33/33 MP: 3/3
  1264 | D:2      | Reached XP level 4. HP: 40/40 MP: 4/4
  1508 | D:2      | Found a faded altar of an unknown god.
  1720 | D:3      | Reached XP level 5. HP: 27/47 MP: 5/5
  2372 | D:4      | Noticed an ogre
  2403 | D:3      | Slain by an ogre

Levels and vault maps discovered:
D:1:      onia_arrival_handbag, layout_loops_corners
D:2:      layout_basic, first_ration, chequers_ecumenical_altar_grove
D:3:      layout_loops_ring
D:4:      layout_basic, uniq_natasha, uniq_crazy_yiuf_cottage

Skill      XL: |  1  2  3  4 |
---------------+-------------+-----
Fighting       | 4 |  4.8
Axes           | 3 4 |  4.4
Shields        | 4 |  4.5
Armour         | 4 |  4.3
Dodging        | |  0.5
Evocations     | |  0.1

Action                   |  1- 3 |  4- 6 || total
-------------------------+-------+-------++-------
Melee: War axe           |    95 |   150 ||   245
Evoke: Wand              |       |     3 ||     3
  Eat: Chunk             |     1 |     4 ||     5
Armor: Scale mail        |    30 |    70 ||   100
Dodge: Dodged            |    33 |    48 ||    81
Block: Kite shield       |    53 |    74 ||   127

Table legend:
 A = Non-vault XP
 B = Vault XP
 C = Vault XP percentage of total XP
 D = Non-vault monster count
 E = Vault monster count
 F = Vault count percentage of total count
                 A         B        C        D         E       F
            +---------+---------+-------+---------+---------+-------
      Total |     286 |      10 |   3.4 |      75 |       4 |   5.1
            +---------+---------+-------+---------+---------+-------
        D:1 |      26 |      10 |  27.8 |      16 |       4 |  20.0
        D:2 |      75 |       0 |   0.0 |      20 |       0 |   0.0
        D:3 |     174 |       0 |   0.0 |      35 |       0 |   0.0
        D:4 |      11 |       0 |   0.0 |       4 |       0 |   0.0
            +---------+---------+-------+---------+---------+-------
